 Dungeon Crawl Stone Soup version 0.27.0-1-g7a089689b8 (webtiles) character file.

Game seed: 15483015333060967916

0 mandarbmax the Caller (level 1, 0/14 HPs)
             Began as a Minotaur Summoner on July 31, 2021.
             Slain by a kobold (4 damage)
             ... on level 1 of the Dungeon.
             The game lasted 00:00:24 (51 turns).

mandarbmax the Caller (Minotaur Summoner)             Turns: 51, Time: 00:00:24

Health: 0/14       AC:  5    Str: 12    XL:     1   Next: 8%
Magic:  1/1        EV: 10    Int: 12    God:
Gold:   0          SH:  0    Dex: 10    Spells: 1/2 levels left

rFire    . . .     SeeInvis .   (no weapon)
rCold    . . .     Faith    .   (no shield)
rNeg     . . .     Spirit   .   b - +0 ring mail
rPois    .         Reflect  .   (helmet restricted)
rElec    .         Harm     .   (no cloak)
rCorr    .         Rampage  .   (no gloves)
Will     .....                  (no boots)
Stlth    +.........             (no amulet)
HPRegen  0.04/turn              (no ring)
MPRegen  0.07/turn              (no ring)

@: no status effects
A: horns 2, retaliatory headbutt
a: no special abilities


You were on level 1 of the Dungeon.
You visited 1 branch of the dungeon, and saw 1 of its levels.

Inventory:

Armour
 b - a +0 ring mail (worn)
Potions
 a - a potion of brilliance {unknown}


   Skills:
 + Level 0.2 Fighting
 - Level 2.1 Dodging
 - Level 1.5 Stealth
 - Level 1.3 Spellcasting
 - Level 2.9 Summonings


You had one spell level left.
You knew the following spells:

 Your Spells              Type           Power      Damage    Failure   Level
a - Summon Small Mammal   Summ           28%        N/A       21%         1

Your spell library contained the following spells:

 Spells                   Type           Power      Damage    Failure   Level
 Call Imp                 Summ           7%         N/A       30%         2
 Call Canine Familiar     Summ           7%         N/A       52%         3
 Summon Guardian Golem    Hex/Summ       4%         N/A       71%         3
 Summon Lightning Spire   Summ/Air       4%         N/A       98%         4


Dungeon Overview and Level Annotations

Branches:
Dungeon (1/15)

Altars:


Innate Abilities, Weirdness & Mutations

You have a pair of horns on your head.
You reflexively headbutt those who attack you in melee.


Message History

You are too injured to fight recklessly!
You are too injured to fight recklessly!
You are too injured to fight recklessly!
You are too injured to fight recklessly!
You are too injured to fight recklessly!
You are too injured to fight recklessly!
You are too injured to fight recklessly!
You are too injured to fight recklessly!
You are too injured to fight recklessly!
You are too injured to fight recklessly!
You are too injured to fight recklessly!
You are too injured to fight recklessly!
You barely miss the kobold.
A frilled lizard comes into view.
The kobold hits you but does no damage.
The frilled lizard hisses angrily.
You hit the kobold.
The kobold is severely wounded.
The kobold completely misses you.
The kobold throws a stone.
The stone hits you.
* * * LOW HITPOINT WARNING * * *
The kobold throws a stone.
The stone hits you but does no damage.
The kobold throws a stone.
The stone hits you but does no damage.
You see here a cyan potion.
a - a cyan potion The kobold throws a stone.
The stone barely misses you. The kobold hits you but does no damage.
You barely miss the kobold. Your headbutt misses the kobold.
The kobold is severely wounded.
The frilled lizard bites you but does no damage.
The kobold hits you but does no damage.
You closely miss the kobold.
The kobold is severely wounded.
The frilled lizard barely misses you. The kobold hits you but does no damage.
You closely miss the kobold.
The kobold is severely wounded.
The frilled lizard bites you.
* * * LOW HITPOINT WARNING * * *
The kobold hits you with a +0 short sword.
You die...

#. #.# .. #. #.# #
###.###.######.#######.
.#....................
....................#
...................#
#.................##.#.
#......[...............
###.†..........K@........
....$....###...l.....####
###.....#...#........#
#.....#.....#.......#
#..)..#......#......#
......#....#..#........
###...#....#........###.
#...#...<.#.......#
#...#........)....#


You could see a kobold and a frilled lizard.

Vanquished Creatures
  A frilled lizard (D:1)
1 creature vanquished.

Notes
Turn   | Place    | Note
-------+----------+-------------------------------------------
     0 | D:1      | mandarbmax the Minotaur Summoner began the quest for the
                  | Orb.
     0 | D:1      | Reached XP level 1. HP: 14/14 MP: 1/1
    51 | D:1      | Slain by a kobold

Illustrated notes

Levels and vault maps discovered:
D:1:      dpeg_arrival_solitude, layout_loops_ring,
          shapermc_ecumenical_altar_hornbeckon, fountainhead

Action                   || total
-------------------------++-------
Melee: Unarmed           ||     8
Armor: Ring mail         ||     8
Dodge: Dodged            ||     7
